AoeStats
← Timur

Arena

509508940Analyzed
1v1 RM · 5d ago on Sep 27, 2026· 43m 0s· 2 players
Game mode
Random Map
Map size
Tiny (2 player)
Population
200
Speed
Normal
Resources
Standard
Victory
Conquest
Starting age
Dark Age
Ending age
Imperial Age
RankedLock teamsTeams togetherTeam positionsShared explorationLock speedFull tech treeHidden civsTurbo modeCheats
Victory
Defeat
🇨🇴 Sicilians · Colombia
644
+15
🇹🇷 Saracens · Türkiye
630
-15
Timur
11:39 Feudal Age
12:17 Horse Collar
12:28 Double-Bit Axe
17:17 Wheelbarrow
21:23 Castle Age
22:18 Gold Mining
22:31 Heavy Plow
22:47 Bow Saw
23:19 Hand Cart
32:10 Loom
37:24 Imperial Age
38:33 Scale Barding Armor
38:39 Forging
38:30 Scale Mail Armor
38:31 Padded Archer Armor
38:22 Fletching
41:32 Chain Barding Armor
41:48 Iron Casting
41:28 Chain Mail Armor
servitec.cesargomez
11:10 Feudal Age
16:25 Castle Age
14:15 Double-Bit Axe
14:34 Horse Collar
17:29 Wheelbarrow
17:17 Bow Saw
17:11 Heavy Plow
24:32 Stone Mining
25:22 Gold Mining
27:24 Elite Skirmisher
27:58 Fletching
30:12 Stone Shaft Mining
31:14 Gold Shaft Mining
31:01 Hand Cart
32:07 First Crusade
35:37 Bodkin Arrow
35:52 Forging
35:43 Scale Mail Armor
35:49 Scale Barding Armor
40:42 Imperial Age
42:25 Chemistry
41:45 Ballistics
41:33 Hauberk
40:53 Elite Serjeant
41:54 Conscription
41:45 Capped Ram
Connection lost

Rejoining the realm…

Still unreachable

The connection could not be restored.

Session expired

The server has moved on; the page needs a fresh start.